 Dungeon Crawl Stone Soup version 0.28.0 (webtiles) character file.

Game seed: 4208829902120968523

208 Minsecho the Skirmisher (level 5, -1/57 HPs)
             Began as an Ogre Berserker on Feb 15, 2022.
             Was a Believer of Trog.
             Slain by a gnoll (10 damage)
             ... on level 4 of the Dungeon.
             The game lasted 00:04:10 (3833 turns).

Minsecho the Skirmisher (Ogre Berserker)            Turns: 3833, Time: 00:04:10

Health: -1/57      AC:  3    Str: 21    XL:     5   Next: 86%
Magic:  5/5        EV: 10    Int:  8    God:    Trog [**....]
Gold:   101        SH:  0    Dex: 10    Spells: 4/4 levels left

rFire   . . .      SeeInvis .   a - +0 mace
rCold   . . .      Faith    .   (no shield)
rNeg    . . .      Spirit   .   b - +0 animal skin
rPois   .          Reflect  .   (helmet restricted)
rElec   .          Harm     .   h - scarf {+Inv}
rCorr   .          Rampage  .   (gloves unavailable)
Will    .....                   (boots unavailable)
Stlth   +.........              (no amulet)
HPRegen 0.19/turn               (no ring)
MPRegen 0.09/turn               (no ring)

@: no status effects
A: large, unfitting armour, tough skin 1
a: Renounce Religion, Evoke Invisibility, Berserk, Trog's Hand


You were on level 4 of the Dungeon.
You worshipped Trog.
Trog was pleased with you.
You visited 1 branch of the dungeon, and saw 4 of its levels.

You collected 101 gold pieces.

Inventory:

Hand Weapons
 a - a +0 mace (weapon)
Missiles
 p - 5 datura-tipped darts (quivered)
Armour
 b - a +0 animal skin (worn)
 h - a scarf of invisibility (worn)
Jewellery
 k - a ring of ice
Scrolls
 d - 2 scrolls of identify {unknown}
 e - 3 scrolls of teleportation {unknown}
 i - a scroll of enchant weapon {unknown}
 l - a scroll of immolation {unknown}
 m - a scroll of blinking {unknown}
 n - a scroll of amnesia {unknown}
 o - a scroll of noise {unknown}
 q - a scroll of fog {unknown}
 u - a scroll of vulnerability {unknown}
Potions
 c - a potion of curing {unknown}
 f - a potion of degeneration {unknown}
 g - 2 potions of brilliance {unknown}
 j - a potion of berserk rage {unknown}
 r - a potion of heal wounds {unknown}
 s - a potion of mutation {unknown}
 t - a potion of ambrosia {unknown}
 v - 2 potions of cancellation {unknown}


   Skills:
 + Level 5.2 Fighting
 + Level 4.1 Maces & Flails
 + Level 3.8 Dodging
 + Level 1.2 Stealth


You had 4 spell levels left.
You didn't know any spells.
Your spell library was empty.

Dungeon Overview and Level Annotations

Branches:
Dungeon (4/15)
 Temple: D:4-7

Altars:
Zin
Beogh

Shops:
D:2 [

Annotations:
D:3 3 runed translucent doors, dolemite99's ghost, weakling DsFi


Innate Abilities, Weirdness & Mutations

You are too large for most types of armour.
You have tough skin. (AC +1)


Message History

A gnoll comes into view. It is wielding a +0 whip.
A gnoll comes into view. It is wielding a +0 spear.
The gnoll barely misses you.
You completely miss the gnoll.
The gnoll shouts! x2
The gnoll barely misses you. The gnoll hits you with a +0 spear.
The gnoll hits you but does no damage. The gnoll closely misses you.
You thump the gnoll!
The gnoll is severely wounded.
The gnoll closely misses you.
You hit the gnoll.
You kill the gnoll!
Trog accepts your kill.
The gnoll hits you from afar with a +0 spear!
The gnoll closely misses you.
You swing at nothing.
The gnoll hits you from afar with a +0 spear.
You swing at nothing.
The gnoll hits you from afar with a +0 spear!
You swing at nothing.
The gnoll hits you from afar with a +0 spear.
The gnoll closely misses you. The gnoll hits you with a +0 spear.
You see here a +0 flail.
You closely miss the gnoll.
The gnoll hits you from afar with a +0 spear.
The gnoll hits you but does no damage.
The gnoll hits you from afar with a +0 spear.
You sock the gnoll!
The gnoll is heavily wounded.
The gnoll hits you with a +0 spear.
The gnoll hits you from afar with a +0 spear!
* * * LOW HITPOINT WARNING * * *
The gnoll barely misses you.
You closely miss the gnoll.
The gnoll is heavily wounded.
The gnoll hits you from afar with a +0 spear.
* * * LOW HITPOINT WARNING * * *
The gnoll hits you with a +0 spear!
You die...

.###########....###...
## ##...[..... #
#...##### # #...# #
#...# # ##.## # #.# #
####.##### .## #
#.....@gg###...# #
#.##.###g....... # #
#.# #..##...# # #.#
#..# ## #>. g..#
#####.## ###


You could see 3 gnolls.

Vanquished Creatures
  A bullfrog (D:3)
  Jessica (D:2)
  A gnoll (D:4)
  3 adders
  A dart slug (D:1)
  7 orcs (D:3)
  6 ball pythons
  8 endoplasms
  3 giant cockroaches
  4 goblins
  6 hobgoblins
  3 jackals (D:1)
  8 kobolds
  2 quokkas
  6 bats
  3 frilled lizards (D:2)
  5 rats
68 creatures vanquished.

Vanquished Creatures (others)
  An endoplasm (D:4)
1 creature vanquished.

Grand Total: 69 creatures vanquished

Notes
Turn   | Place    | Note
-------+----------+-------------------------------------------
     0 | D:1      | Minsecho the Ogre Berserker began the quest for the Orb.
     0 | D:1      | Reached XP level 1. HP: 24/24 MP: 1/1
   243 | D:1      | Reached XP level 2. HP: 32/32 MP: 2/2
   584 | D:1      | Reached XP level 3. HP: 40/40 MP: 3/3
   635 | D:1      | Reached ** piety under Trog
  1600 | D:2      | Noticed Jessica
  1605 | D:2      | Killed Jessica
  1606 | D:2      | Reached XP level 4. HP: 38/49 MP: 4/4
  1782 | D:2      | Found Opiegass's Armour Boutique.
  2563 | D:3      | Noticed a bullfrog
  2639 | D:3      | Found a faded altar of an unknown god.
  2656 | D:3      | Reached skill level 1 in Stealth
  2656 | D:3      | Reached XP level 5. HP: 34/55 MP: 5/5
  2902 | D:3      | Noticed an angel
  2903 | D:3      | Found a glowing silver altar of Zin.
  3059 | D:3      | Reached skill level 5 in Fighting
  3670 | D:3      | Found a runed translucent gate.
  3671 | D:3      | Found a runed translucent gate.
  3671 | D:3      | Identified the +2 chain mail of the Pit {rF+ rN+ rCorr}
  3671 | D:3      | Noticed dolemite99's ghost (weakling DsFi)
  3672 | D:3      | Found a runed translucent gate.
  3833 | D:4      | Slain by a gnoll

Illustrated notes

Levels and vault maps discovered:
D:1:      scummos_arrival_simple_fountains, layout_rooms, serial_curves,
          eino_curves_03, eino_curves_02
D:2:      layout_basic, serial_shops, nicolae_shop_waterfront,
          minmay_randomly_rotated_circles, uniq_jessica
D:3:      layout_rooms, zin_angel, chequers_ecumenical_altar_simple_redux,
          biasface_ghost_orc_armoury, st_stairs_13, minmay_misc_feat_nine_boxes,
          hangedman_feature_mirror
D:4:      layout_loops_corners, mainiacjoe_overflow_24_doors,
          lemuel_temple_firewalk_b

Skill      XL: |  1  2  3  4  5 |
---------------+----------------+-----
Maces & Flails | 3 4 |  4.1
Dodging        | 3 |  3.8
Stealth        | 1 |  1.2
Fighting       | 5 |  5.2

Action                   |  1- 3 |  4- 6 || total
-------------------------+-------+-------++-------
Melee: Mace              |   111 |   113 ||   224
       Punch             |     1 |       ||     1
Invok: Berserk           |     1 |     1 ||     2
 Stab: Sleeping          |     3 |     1 ||     4
Armor: Animal skin       |    35 |    49 ||    84
Dodge: Dodged            |    86 |    83 ||   169
